 Dungeon Crawl Stone Soup version 0.30.0-3-ga4e48a9924 (webtiles) character file.

Game seed: 16870508929169607334

19303 LobsterGuardian the Cleaver (level 12, -5/97 HPs)
             Began as a Minotaur Monk on May 7, 2023.
             Was an Elder of Zin.
             Slain by a large slime creature (18 damage)
             ... on level 13 of the Dungeon.
             The game lasted 00:31:07 (12100 turns).

LobsterGuardian the Cleaver (Minotaur Monk)        Turns: 12100, Time: 00:31:08

Health: -5/97      AC: 16    Str: 23    XL:     12   Next: 35%
Magic:  11/17      EV: 13    Int:  9    God:    Zin [****..]
Gold:   603        SH:  0    Dex: 15    Spells: 11/11 levels left

rFire   + . .        C - +7 flail of Dithmenos's Scorn {venom, rF+}
rCold   . . .        d - orb {light}
rNeg    . . .        v - +3 chain mail
rPois   ∞            (helmet restricted)
rElec   .            (no cloak)
rCorr   .            p - +0 pair of gloves
SInv    .            (no boots)
Will    .....        f - amulet of the acrobat Stlth
                     b - ring of flight
HPRegen 0.36/turn    j - ring of poison resistance
MPRegen 0.15/turn

%: acrobat
@: vitalised, flying, glowing, studying Short Blades
A: horns 2, retaliatory headbutt
a: Renounce Religion, Recite, Vitalisation, Imprison, Donate Gold


You were on level 13 of the Dungeon.
You worshipped Zin.
Zin was greatly pleased with you.
You visited 2 branches of the dungeon, and saw 14 of its levels.

You collected 670 gold pieces.
You donated 67 gold pieces to Zin.

Inventory:

Hand Weapons
 s - a +2 hand axe of flaming
 C - the +7 flail of Dithmenos's Scorn (weapon) {venom, rF+}
   (You found it on level 8 of the Dungeon)

   rF:        It protects you from fire.
Missiles
 L - a throwing net
Armour
 d - an orb of light (worn)
 p - a +0 pair of gloves (worn)
 v - a +3 chain mail (worn)
Jewellery
 b - a ring of flight (left hand)
 f - an amulet of the acrobat (around neck)
 j - a ring of poison resistance (right hand)
 n - an amulet of magic regeneration
 q - a ring of see invisible
 w - an amulet of faith
 x - a +4 ring of protection
Wands
 m - a wand of quicksilver (17)
 o - a wand of flame (22)
 y - a wand of iceblast (8)
 B - a wand of charming (13)
Scrolls
 h - 2 scrolls of brand weapon {unknown}
 i - 2 scrolls of enchant weapon
 l - a scroll of vulnerability
 A - a scroll of immolation {unknown}
 H - 3 scrolls of amnesia
 I - a scroll of butterflies
 J - a scroll of poison {unknown}
Potions
 c - a potion of berserk rage {unknown}
 e - a potion of resistance
 k - 5 potions of invisibility
 r - a potion of cancellation
 t - 2 potions of brilliance
 z - 4 potions of might
 F - 2 potions of flight {unknown}
 G - 3 potions of mutation {unknown}


   Skills:
 + Level 6.9 Fighting
 - Level 13.3(14.5) Axes
 - Level 10.0(13.0) Maces & Flails
 * Level 11.8 Armour
 - Level 9.0 Dodging
 - Level 8.0 Invocations


You had 11 spell levels left.
You didn't know any spells.
Your spell library contained the following spells:

 Spells                   Type           Power      Damage    Failure   Level
 Scorch                   Fire           0%         2d5       95%         2
 Vhi's Electric Charge    Tloc/Air       0%         N/A       99%         3
 Anguish                  Hex/Necr       0%         N/A       100%        4
 Flame Wave               Conj/Fire      0%         2d4       100%        4
 Passage of Golubria      Tloc           0%         N/A       100%        4
 Arcjolt                  Conj/Air       0%         1d10      100%        5
 Silence                  Hex/Air        0%         N/A       100%        5
 Plasma Beam              Fire/Air       0%         2x1d11    100%        6
 Summon Cactus Giant      Summ           0%         N/A       100%        6
 Enfeeble                 Hex            0%         N/A       100%        7
 Lehudib's Crystal Spear  Conj/Erth      0%         10d2      100%        8


Dungeon Overview and Level Annotations

Branches:
Dungeon (13/15)            Temple (1/1) D:4            Lair (0/5) D:11
    Orc (0/2) D:12
 Vaults: D:13-14

Altars:
Ashenzari
Cheibriados
Dithmenos
Elyvilon
Fedhas
Gozag
Hepliaklqana
Kikubaaqudgha
Makhleb
Nemelex Xobeh
Okawaru
Qazlal
Ru
Sif Muna
Trog
Uskayaw
Vehumet
Wu Jian
Xom
Yredelemnul
Zin
The Shining One

Shops:
D:1 *   D:7 [   D:12 =

Annotations:
D:10 exclusion: oklob plant


Innate Abilities, Weirdness & Mutations

You have a pair of horns on your head.
You reflexively headbutt those who attack you in melee.


Message History

The large slime creature is severely wounded.
The large slime creature hits you!! x2
* * * LOW HITPOINT WARNING * * *
The slime creature hits you.
* * * LOW HITPOINT WARNING * * *
Unknown command.
Okay, then.
A large slime creature splits.
Two slime creatures merge to form a very large slime creature.
Two slime creatures merge to form an enormous slime creature.
The enormous slime creature attacks as you move away!
The enormous slime creature misses you.
Activating: Sanctuary (34% risk of failure)
Press: ? - help, Dir - look around, f - activate You hear a choir sing!
By Zin's power, all blood is cleared from the sanctuary.
The monsters scatter in all directions!
You can no longer call upon Zin to create a sanctuary.
Unknown command.
The sanctuary disappears.
You sock the slime creature!
You kill the slime creature!
The slime creature quivers.
Found a short sword.
The slime creature hits you!
* * * LOW HITPOINT WARNING * * *
Two slime creatures merge to form a large slime creature.
You sock the large slime creature!
The large slime creature looks even sicker.
The large slime creature is severely wounded.
Two slime creatures merge to form a very large slime creature.
Unknown command.
You feel better.
Okay, then.
Zin grants you divine stamina.
A very large slime creature splits.
Unknown command.
You sock the large slime creature! You headbutt the large slime creature!
The large slime creature is almost dead.
The large slime creature hits you!!
You die...

##....#.......
#.............
#.............
####............. .
#...######.......
...########...#............
...........................
.........J.................
.........J@................
####..........######.......
#....J.#####............
#......#................
#......#................
#......#...######.......
........#...#....#.......
.........#........#.......
....)....#........#.......


You could see a large slime creature (poisoned) and 2 slime creatures.

Vanquished Creatures
  A two-headed ogre (D:10)
  A centaur warrior (D:10)
  3 boulder beetles
  A manticore (D:10)
  8 centaur zombies (D:11)
  A gargoyle (D:10)
  An unseen horror (D:10)
  Maggie (D:8)
  2 kobold demonologists (D:12)
  Psyche (D:12)
  A freezing wraith (D:10)
  4 trolls
  2 meliai zombies (D:11)
  7 slime creatures
  3 wyverns
  22 yaks
  3 wraiths
  A vampire (D:11)
  2 steam dragons (D:8)
  A basilisk (D:11)
  3 vampire mosquitoes
  An acid dragon (D:8)
  2 water moccasins
  2 black bears
  An orc warrior (D:12)
  A sky beast (D:7)
  2 ice beasts
  An ogre (D:6)
  5 centaurs
  4 kobold brigands
  3 phantoms
  A gnoll sergeant (D:10)
  A scorpion (D:4)
  3 bullfrogs
  11 wights
  5 killer bees
  3 howler monkeys
  3 hounds (D:5)
  8 jellies
  6 orc priests
  A sleepcap (D:5)
  4 iguanas
  5 orc wizards
  A boggart zombie (D:11)
  Robin (D:3)
  A howler monkey zombie (D:11)
  5 gnolls
  12 adders
  A shadow imp (D:7)
  12 white imps (D:11)
  A worm (D:2)
  2 dart slugs
  35 orcs
  13 ball pythons
  16 endoplasms
  17 giant cockroaches
  10 hobgoblins
  4 jackals (D:1)
  2 quokkas
  5 bats
  2 frilled lizards (D:1)
  16 goblins
  26 kobolds
  5 rats
329 creatures vanquished.

Vanquished Creatures (others)
  A gargoyle (D:10)
  10 fungi (D:10)
  9 plants (D:1)
20 creatures vanquished.

Grand Total: 349 creatures vanquished

Notes
Turn   | Place    | Note
-------+----------+-------------------------------------------
     0 | D:1      | LobsterGuardian the Minotaur Monk began the quest for the
                  | Orb.
     0 | D:1      | Reached XP level 1. HP: 19/19 MP: 0/0
    48 | D:1      | Reached skill level 4 in Axes
   141 | D:1      | Reached XP level 2. HP: 7/26 MP: 1/1
   237 | D:1      | Reached skill level 5 in Axes
   257 | D:1      | Found Irotyso's General Store.
   280 | D:1      | Reached XP level 3. HP: 31/31 MP: 2/2
   317 | D:1      | You fall into a shaft and drop 1 floor!
   766 | D:2      | Reached skill level 6 in Axes
   766 | D:2      | Reached XP level 4. HP: 39/39 MP: 3/3
  1195 | D:3      | Noticed Robin
  1235 | D:3      | Killed Robin
  1807 | D:4      | Found a staircase to the Ecumenical Temple.
  1814 | D:3      | Reached XP level 5. HP: 40/45 MP: 4/4
  1817 | D:3      | Reached skill level 7 in Axes
  1833 | Temple   | Entered the Ecumenical Temple
  2010 | Temple   | Became a worshipper of Zin the Law-Giver
  2010 | Temple   | Reached * piety under Zin
  2010 | Temple   | Reached ** piety under Zin
  2102 | D:4      | Reached *** piety under Zin
  2370 | D:4      | Noticed a phantom
  2375 | D:4      | Killed a phantom
  2376 | D:4      | Reached skill level 8 in Axes
  2376 | D:4      | Reached XP level 6. HP: 51/51 MP: 5/5
  2422 | D:4      | Reached skill level 1 in Invocations
  2558 | D:5      | Entered Level 5 of the Dungeon
  3069 | D:5      | Reached skill level 9 in Axes
  3074 | D:5      | Reached XP level 7. HP: 44/57 MP: 7/7
  3083 | D:5      | Reached skill level 10 in Axes
  3504 | D:6      | Reached **** piety under Zin
  3706 | D:6      | Reached XP level 8. HP: 66/66 MP: 9/9
  3791 | D:6      | Reached skill level 11 in Axes
  4323 | D:7      | Reached skill level 12 in Axes
  4707 | D:7      | Found Fani's Antique Armour Emporium.
  4712 | D:7      | Reached skill level 5 in Invocations
  4712 | D:7      | Reached XP level 9. HP: 72/72 MP: 11/11
  4824 | D:7      | Reached skill level 13 in Axes
  5147 | D:8      | Identified the +7 flail of Dithmenos's Scorn {venom, rF+}
  5230 | D:8      | Found the +4 robe of Augmentation {Str+4 Int+4 Dex+4}
  5245 | D:8      | Reached skill level 1 in Maces & Flails
  5338 | D:8      | Reached ***** piety under Zin
  5533 | D:8      | Reached skill level 5 in Fighting
  5769 | D:8      | Noticed Maggie
  5780 | D:8      | Killed Maggie
  5781 | D:8      | Reached skill level 5 in Maces & Flails
  6142 | D:9      | Reached XP level 10. HP: 80/81 MP: 14/14
  6506 | D:9      | Found a shadowy altar of Dithmenos.
  6515 | D:9      | Found a snail-covered altar of Cheibriados.
  6828 | D:9      | Found a radiant altar of Vehumet.
  6832 | D:9      | Found a basalt altar of Yredelemnul.
  6832 | D:9      | Found a glowing golden altar of the Shining One.
  6842 | D:9      | Found a sparkling altar of Nemelex Xobeh.
  6845 | D:9      | Found a broken altar of Ashenzari.
  6927 | D:10     | Entered Level 10 of the Dungeon
  7339 | D:10     | Noticed a manticore
  7348 | D:10     | Noticed a gargoyle
  7358 | D:10     | Killed a gargoyle
  7479 | D:11     | Noticed a boulder beetle
  7485 | D:11     | Killed a boulder beetle
  7580 | D:11     | Noticed a boulder beetle
  7589 | D:11     | Killed a boulder beetle
  7739 | D:11     | Reached skill level 10 in Maces & Flails
  7743 | D:11     | Reached skill level 5 in Dodging
  7988 | D:11     | Reached XP level 11. HP: 83/89 MP: 16/16
  8128 | D:11     | Found a basalt altar of Yredelemnul.
  8191 | D:11     | Found a frozen archway.
  8450 | D:11     | Found a staircase to the Lair.
  9115 | D:10     | Reached skill level 1 in Armour
  9148 | D:10     | Noticed a two-headed ogre
  9154 | D:10     | Killed a two-headed ogre
  9165 | D:10     | Reached skill level 5 in Armour
  9775 | D:10     | Noticed an oklob plant
  9853 | D:10     | Noticed a centaur warrior
  9866 | D:10     | Killed a centaur warrior
  9989 | D:10     | Noticed a shadow wraith
 10294 | D:11     | Reached XP level 12. HP: 48/96 MP: 17/17
 10879 | D:12     | Reached skill level 10 in Armour
 10882 | D:12     | Found a staircase to the Orcish Mines.
 10882 | D:12     | Noticed a boulder beetle
 10897 | D:12     | Killed a boulder beetle
 11006 | D:12     | Identified the +4 dagger of the Known World {venom, rPois}
 11036 | D:12     | Noticed Psyche
 11046 | D:12     | Killed Psyche
 11379 | D:12     | Found Inumunun's Jewellery Emporium.
 12100 | D:13     | Slain by a large slime creature

Illustrated notes

Levels and vault maps discovered:
D:1:      spicycebolla_arrival_xxxplode, layout_rooms, serial_shops, shop,
          nicolae_grassy_gnolls
D:2:      minmay_roachtagon, layout_rooms, serial_glass, glass_columns_a,
          glass_columns_b, glass_columns_a, glass_columns_a, glass_columns_a,
          glass_columns_c, due_unseen_surprise, minmay_pentomino_r4
D:3:      layout_basic, uniq_robin
D:4:      layout_basic, minmay_temple_entry_wispy, minmay_door_square
D:5:      minmay_diamond_boxcup, layout_loops_cross, minmay_holes,
          serial_park_tiny_pond
D:6:      layout_loops_ring, feat_on_display
D:7:      layout_basic, serial_shops, shop
D:8:      layout_loops_ring, minmay_misc_feat_rugged, st_stairs_4,
          minmay_misc_feat_pillars, kennysheep_generic_room_3, uniq_maggie
D:9:      layout_basic, minmay_overflow_temple_star_hex,
          mainiacjoe_overflow_swirl
D:10:     lemuel_slime, layout_basic, nzn_random_ring
D:11:     layout_gridville, david_lair_generic, portal_ice_cave_entry_imps,
          nicolae_concentric_dashed_squares_wild,
          nicolae_yredelemnul_corpse_copse
D:12:     layout_cave_pods, orc_0_dummy, serial_shops, shop, uniq_psyche
D:13:     minmay_connected_boxes_in_corner, layout_grid_maze,
          ximxim_vaults_locker_room
Temple:   nicolae_temple_bog_church

Skill      XL: |  1  2  3  4  5  6  7  8  9 10 11 12 |
---------------+-------------------------------------+-----
Axes           | 4 5 6 8 9 10 12 13 | 13.3
Invocations    | 2 3 5 7 8 |  8.0
Fighting       | 4 5 6 |  6.9
Maces & Flails | 5 10 | 10.0
Dodging        | 6 9 |  9.0
Armour         | 9 11 | 11.8

Action                     |  1- 3 |  4- 6 |  7- 9 | 10-12 || total
---------------------------+-------+-------+-------+-------++-------
  Melee: Hand axe          |    70 |   134 |   173 |    15 ||   392
         Headbutt          |    15 |    26 |    51 |   128 ||   220
         Flail             |       |       |    51 |   376 ||   427
 Invoke: Recite            |       |     6 |    15 |    24 ||    45
         Vitalisation      |       |       |       |     4 ||     4
         Sanctuary         |       |       |       |     2 ||     2
  Evoke: Wand              |       |       |     1 |     3 ||     4
    Use: Potion            |     1 |     2 |       |     4 ||     7
         Scroll            |       |     7 |     6 |     9 ||    22
   Stab: Invisible         |       |       |     1 |     1 ||     2
         Confused          |       |       |     4 |     5 ||     9
         Paralysed         |       |       |       |     1 ||     1
 Armour: Robe              |     2 |     3 |     4 |    43 ||    52
         Ring mail         |       |    35 |     7 |       ||    42
         Chain mail        |       |       |    44 |    59 ||   103
  Dodge: Dodged            |    56 |   101 |    96 |   260 ||   513
